 Dungeon Crawl Stone Soup version 0.28.0-45-g0d030f2227 (webtiles) character file.

Game seed: 18226817382942299873

1062 L33tCrusader the Cudgeller (level 8, 0/69 HPs)
             Began as a Minotaur Berserker on Apr 15, 2022.
             Was an Elder of Trog.
             Slain by an orc warrior
             ... wielding a +0 battleaxe
              (2 damage)
             ... on level 5 of the Dungeon.
             The game lasted 00:13:59 (4455 turns).

L33tCrusader the Cudgeller (Minotaur Berserker)     Turns: 4455, Time: 00:13:59

Health: 0/69       AC: 10    Str: 24    XL:     8   Next: 6%
Magic:  5/7        EV: 12    Int:  4    God:    Trog [****..]
Gold:   198        SH:  0    Dex: 10    Spells: 7/7 levels left

rFire   . . .      SeeInvis .   u - +0 flail
rCold   . . .      Faith    .   g - orb {*Rage}
rNeg    . . .      Spirit   .   k - +0 ring mail
rPois   .          Reflect  .   (helmet restricted)
rElec   .          Harm     .   l - +0 cloak
rCorr   .          Rampage  .   s - +1 pair of gloves {infuse}
Will    .....      Rage     20% e - +0 pair of boots
Stlth   ..........              (no amulet)
HPRegen 0.21/turn               (no ring)
MPRegen 0.10/turn               (no ring)

@: on berserk cooldown, slowed, very slow
A: horns 2, retaliatory headbutt
a: Renounce Religion, Berserk, Trog's Hand, Brothers in Arms


You were on level 5 of the Dungeon.
You worshipped Trog.
Trog was greatly pleased with you.
You visited 1 branch of the dungeon, and saw 5 of its levels.

You collected 198 gold pieces.

Inventory:

Hand Weapons
 f - a +0 arbalest
 u - a +0 flail (weapon)
Missiles
 q - 10 bolts
Armour
 e - a +0 pair of boots (worn)
 g - an orb of wrath (worn)
 k - a +0 ring mail (worn)
 l - a +0 cloak (worn)
 s - a +1 pair of gloves of infusion (worn)
Scrolls
 a - a scroll of teleportation {unknown}
 p - a scroll of blinking
 t - a scroll of identify
Potions
 b - a potion of lignification {unknown}
 c - 3 potions of degeneration
 d - a potion of mutation
 h - a potion of berserk rage
 i - a potion of flight {unknown}
 j - a potion of invisibility {unknown}
 m - 3 potions of might {unknown}
 n - 5 potions of curing
 o - a potion of attraction {unknown}
 r - a potion of heal wounds {unknown}


   Skills:
 + Level 5.5 Fighting
 * Level 7.1 Maces & Flails
 + Level 3.5 Crossbows
 + Level 4.8 Armour
 * Level 5.8 Dodging


You had 7 spell levels left.
You didn't know any spells.
Your spell library was empty.

Dungeon Overview and Level Annotations

Branches:
Dungeon (5/15)
 Temple: D:4-7

Altars:
Dithmenos

Shops:
D:1 [*   D:3 (


Innate Abilities, Weirdness & Mutations

You have a pair of horns on your head.
You reflexively headbutt those who attack you in melee.


Message History

An orc comes into view. It is wielding a +0 dagger.
The orc hits you with a +0 flail. The orc closely misses you.
The orc shouts!
You hit the orc.
The orc is heavily wounded.
An orc comes into view. It is wielding a +0 dagger.
An orc comes into view. It is wielding a +0 hand axe.
The orc hits you with a +0 flail.
The orc shouts!
You sock the orc!
You kill the orc!
Trog accepts your kill.
You hear an angry hiss.
You closely miss the orc warrior. Your headbutt misses the orc warrior.
The orc warrior barely misses you.
You hit the orc warrior but do no damage.
You headbutt the orc warrior.
The orc warrior is lightly wounded.
The orc warrior hits you with a +0 battleaxe!
The orc hits you but does no damage. The orc warrior misses you.
The orc warrior hits you with a +0 battleaxe!
The orc closely misses you.
You barely miss the orc warrior. You headbutt the orc warrior.
The orc warrior is moderately wounded.
The orc warrior hits you with a +0 battleaxe!
The orc warrior hits you but does no damage.
You completely miss the orc warrior. You headbutt the orc warrior.
The orc warrior is heavily wounded.
The orc warrior barely misses you. You furiously retaliate!
You headbutt the orc warrior. You barely miss the orc warrior.
The orc warrior is heavily wounded.
The orc warrior hits you with a +0 battleaxe!!
* * * LOW HITPOINT WARNING * * *
The orc warrior barely misses you.
You barely miss the orc warrior. Your headbutt misses the orc warrior.
The orc warrior is heavily wounded.
The orc warrior hits you with a +0 battleaxe.
You die...

###########
############..........
................####
############.##.#
#.##.# #.##.##
#>#.#@## ...###o###.#
#.#.#.oo...#
#.#..#.##..# # #.#...#
.# #......)...#
###.......## #.......#
#.......#


You could see an orc warrior and 2 orcs.

Vanquished Creatures
  Sigmund (D:5)
  A necrophage (D:4)
  2 black bears
  2 phantoms
  A bullfrog (D:5)
  A water moccasin zombie (D:5)
  2 orc priests (D:4)
  A centaur skeleton (D:4)
  2 iguanas (D:5)
  A howler monkey skeleton (D:4)
  7 adders
  2 ufetubi (D:5)
  2 adder skeletons (D:4)
  2 worms
  16 orcs
  6 bats
  7 endoplasms
  5 giant cockroaches
  12 goblins
  8 hobgoblins
  3 jackals
  6 quokkas
  3 ball pythons
  2 frilled lizards
  15 kobolds
  6 rats
116 creatures vanquished.

Vanquished Creatures (others)
  A plant (D:3)
1 creature vanquished.

Grand Total: 117 creatures vanquished

Notes
Turn   | Place    | Note
-------+----------+-------------------------------------------
     0 | D:1      | L33tCrusader the Minotaur Berserker began the quest for the
                  | Orb.
     0 | D:1      | Reached XP level 1. HP: 19/19 MP: 0/0
   102 | D:1      | Reached XP level 2. HP: 21/27 MP: 1/1
   261 | D:1      | Found a faded altar of an unknown god.
   539 | D:1      | Found Weilagh's Armour Boutique.
   586 | D:1      | Reached skill level 4 in Maces & Flails
   993 | D:1      | Found Xiclu's General Store.
  1233 | D:2      | Reached XP level 3. HP: 33/33 MP: 2/2
  1238 | D:2      | Reached ** piety under Trog
  1719 | D:2      | Reached XP level 4. HP: 37/40 MP: 3/3
  2095 | D:3      | Reached skill level 1 in Crossbows
  2405 | D:3      | Reached *** piety under Trog
  2487 | D:3      | Found Ejiff's Weapon Emporium.
  2695 | D:3      | You fall into a shaft and drop 2 floors!
  2695 | D:5      | Entered Level 5 of the Dungeon
  2705 | D:5      | Reached skill level 5 in Maces & Flails
  2705 | D:5      | Reached XP level 5. HP: 42/46 MP: 4/4
  2934 | D:5      | Noticed Sigmund
  3175 | D:4      | Noticed a black bear
  3183 | D:4      | Killed a black bear
  3184 | D:4      | Reached XP level 6. HP: 53/53 MP: 1/5
  3686 | D:4      | Reached skill level 6 in Maces & Flails
  3741 | D:4      | Reached **** piety under Trog
  3760 | D:4      | Reached skill level 5 in Fighting
  3760 | D:4      | Reached XP level 7. HP: 61/61 MP: 3/6
  4102 | D:5      | Reached skill level 5 in Dodging
  4122 | D:5      | Killed Sigmund
  4175 | D:5      | Found a shadowy altar of Dithmenos.
  4266 | D:5      | Reached skill level 7 in Maces & Flails
  4273 | D:5      | Reached XP level 8. HP: 69/69 MP: 0/7
  4454 | D:5      | HP: 1/69 [orc warrior/+0 battleaxe (22)]
  4455 | D:5      | Slain by an orc warrior

Illustrated notes

Levels and vault maps discovered:
D:1:      lemuel_arrival_muddy, layout_basic,
          hellmonk_ecumenical_altar_lost_god, serial_shops,
          nicolae_shop_crystal, nicolae_diamond_shop
D:2:      layout_basic, minmay_close_crescents
D:3:      corexii_shack_village, layout_basic, serial_shops, shop,
          grunt_decor_resistance, kennysheep_generic_room_2
D:4:      layout_loops_ring
D:5:      layout_loops_ring, mainiacjoe_overflow_alcove_4, old_standard_altar,
          serial_shops, shop, hangedman_decor_push, uniq_sigmund

Skill      XL: |  1  2  3  4  5  6  7 |
---------------+----------------------+-----
Maces & Flails | 4 5 6 7 |  7.1
Fighting       | 4 5 |  5.5
Armour         | 3 4 |  4.8
Dodging        | 3 4 5 |  5.8
Crossbows      | 1 2 3 |  3.5

Action                   |  1- 3 |  4- 6 |  7- 9 || total
-------------------------+-------+-------+-------++-------
Melee: Mace              |    74 |   111 |       ||   185
       Headbutt          |     8 |    17 |     7 ||    32
       Flail             |       |    23 |    48 ||    71
  Use: Scroll            |     2 |     4 |       ||     6
Armor: Animal skin       |    12 |     1 |       ||    13
       Ring mail         |       |    61 |    25 ||    86
Dodge: Dodged            |    59 |    94 |    21 ||   174
